[Event "FRA-ch Teams Top 16-B 2022"]
[Site "Chartres"]
[Date "2022.06.13"]
[Round "5.8"]
[White "Guichard, Pauline"]
[Black "Monpeurt, Cyrielle"]
[Result "1-0"]
[ECO "D10"]
[WhiteElo "2377"]
[BlackElo "2172"]
[Annotator "TA"]
[PlyCount "67"]
[EventDate "2022.06.09"]
[EventType "team-tourn"]
[EventCountry "FRA"]
[SourceTitle "playchess.com"]
[Source "ChessBase"]
[SourceQuality "1"]
[TimeControl "40/5400+30:1800+30"]

1. d4 d5 2. c4 c6 3. Nc3 Nf6 4. e3 Bf5 5. cxd5 cxd5 6. Qb3 Nc6 {[%emt 0:00:55] is more profitable than 6...Bc8 at the moment. D10: Slav Defence: 3 cxd5 (without early Nf3) and 3 Nc3.} 7. Qxb7 Bd7 $1 {[%emt 0:00:11] [#] aiming for ...Rb8.} 8. Qb3 Rb8 {[%emt 0:00:31] White is slightly better.} 9. Qd1 e5 10. Nf3 Bd6 11. dxe5 Nxe5 12. Nd4 O-O 13. Be2 Ne4 14. O-O Nxc3 15. bxc3 Qc7 16. a4 {[%emt 0:03:25] [#]} Ng6 $146 ({Predecessor:} 16... Nc4 17. g3 Be5 18. Bf3 Qc5 19. Qc2 Rfd8 20. Rd1 g6 21. a5 h5 22. Bg2 a6 {½-½ (40) Lemutov,I (2374)-Wharrier,J (2347) ICCF email 2014}) 17. h3 Bh2+ 18. Kh1 Be5 $1 19. Ba3 Rfe8 20. Rc1 Qc8 21. Bg4 f5 {[%emt 0:01:41] [#] Loses the game.} (21... Bf6 $16) 22. Bf3 $1 $18 Kh8 23. Bxd5 f4 (23... Qa6 $142 24. Qh5 Red8) 24. Qh5 Bf6 {[%emt 0:11:02] Threatens to win with ...Re5.} 25. Bd6 {[%emt 0:05:11][%csl LRb8,LRf4] Prevents Re5.} Rb6 26. Bxf4 Nh4 $2 (26... Nxf4 27. exf4 g6) 27. a5 {[%emt 0:10:05] White is clearly winning.} Ra6 28. Rb1 {[%emt 0:05:31] Rb8 is the strong threat.} g6 29. Qe2 Rxa5 30. c4 Rxd5 31. cxd5 Bxh3 32. Rg1 ({Not} 32. Rfc1 $2 Bxg2+ 33. Kg1 Qh3 $19) 32... Be5 (32... Nxg2 $142 33. Rxg2 Bxg2+ 34. Kxg2 Bxd4) 33. Ne6 Rxe6 34. dxe6 {[%emt 0:00:07] Weighted Error Value: White=0.08 (flawless) /Black=0.33} 1-0

[Event "FRA-ch Teams Top 16-B 2022"]
[Site "Chartres"]
[Date "2022.06.13"]
[Round "5.9"]
[White "Erigaisi Arjun"]
[Black "Le Hetet, Nicolas"]
[Result "1-0"]
[ECO "B32"]
[WhiteElo "2675"]
[BlackElo "2372"]
[Annotator "TA"]
[PlyCount "115"]
[EventDate "2022.06.09"]
[EventType "team-tourn"]
[EventCountry "FRA"]
[SourceTitle "playchess.com"]
[Source "ChessBase"]
[SourceQuality "1"]
[TimeControl "40/5400+30:1800+30"]

1. e4 c5 2. Nf3 Nc6 3. d4 cxd4 4. Nxd4 e5 5. Nb5 d6 6. N1c3 a6 7. Na3 b5 8. Nd5 Nge7 9. Bd3 {[%emt 0:00:15] B32: Sicilian: Löwenthal and Kalashnikov Variations.} Nxd5 10. exd5 Ne7 11. c4 {[%emt 0:00:26] White is slightly better.} g6 12. cxb5 Bg7 $1 13. bxa6 O-O 14. O-O $1 Bxa6 15. Bxa6 Rxa6 16. Nb5 Qd7 17. Nc3 {[%emt 0:01:06] [#]} Nf5 $146 ({Predecessor:} 17... Qb7 18. Rb1 Rc8 19. Bg5 Nf5 20. Qd2 Nd4 21. Be3 Raa8 22. Rfc1 Rc7 23. b3 Qb4 {0-1 (48) Piekielny,P (2121)-Suder,J (2174) Szklarska Poreba 2021}) 18. a4 Qb7 19. Rb1 Rc8 {[%emt 0:04:15][%cal Oc8c3] ...Rxc3! is the strong threat.} 20. Be3 Nd4 21. Qd2 (21. Qd3 $1 $14) 21... Qb4 $11 {[%emt 0:05:01][%mdl 1024] Black has compensation.} 22. Qd3 Raa8 23. h3 f5 24. Qd1 Qb3 25. f3 Rc4 26. Qd2 Qb4 27. Rfd1 Bf6 28. Qf2 Rcc8 29. Kh1 Kg7 30. Qd2 Nb3 31. Qd3 Nd4 32. Re1 Bh4 33. Rf1 Qc4 34. Qd2 Nb3 35. Qd1 Nd4 36. g4 Bf6 37. f4 h6 (37... Kh8 $142) 38. Rg1 {[%emt 0:02:53] Hoping for gxf5.} Kh7 (38... exf4 $11 {keeps the balance.} 39. Bxf4 g5) 39. gxf5 $16 Nxf5 40. Qg4 Rg8 (40... Bg5 $16) 41. fxe5 $18 Qd3 (41... Nxe3 {was worth a try.} 42. Qxc4 Nxc4 43. exf6 Rgf8) 42. exf6 Nxe3 43. Qg3 Qd4 44. Qxd6 (44. f7 Rg7 45. Qf2 (45. Qxd6 Rf8 $16) 45... Nf5 46. Qxd4 Nxd4 $18) 44... Ra7 45. Qe6 Qf4 46. Qe4 {[%emt 0:00:00] Against Qf3+} Rxa4 47. Qxf4 ({Weaker is} 47. Qxa4 Qf3+ 48. Kh2 Qf2+ 49. Kh1 Qf3+ 50. Kh2 Qf2+ 51. Kh1 Qf3+ $11) 47... Rxf4 48. Rg3 {[%emt 0:00:00] Against Rf3} (48. Rge1 $18 Rf3 49. Kg1) 48... Nf5 $16 {[%emt 0:01:21] [#]} 49. Rg4 (49. Rd3 $1 $16) 49... Rf3 $1 $11 50. Ra1 h5 51. Rga4 Re8 {[%emt 0:03:43][%mdl 8192] This costs Black the game.} ({Black should try} 51... Nd6 $14) 52. Ne4 $18 {[%emt 0:00:00] And now Ng5+ would win.} ({Stronger than} 52. Ra7+ Kh6 53. f7 Rxh3+ 54. Kg2 Rg3+ 55. Kh2 Rf8 $14) 52... Rxh3+ $2 {[%emt 0:02:44] [#]} (52... Kh6 {is a better defense.} 53. Kg2 Nh4+ 54. Kg1 Rxh3) 53. Kg2 $1 Re3 (53... Rb3 $142 54. d6 Kh6) 54. f7 Rf8 55. Ng5+ Kh6 {[%emt 0:00:09] [#]} 56. Ra8 $1 {[%emt 0:00:09] Active counter play!} Kxg5 57. Rxf8 Kg4 58. Ra4+ {[%emt 0:00:15] Weighted Error Value: White=0.16 (very precise) /Black=0.50} 1-0

[Event "FRA-ch Teams Top 16-B 2022"]
[Site "Chartres"]
[Date "2022.06.13"]
[Round "5.10"]
[White "Favarel, Julien"]
[Black "Mendonca, Leon Luke"]
[Result "0-1"]
[ECO "B12"]
[WhiteElo "2312"]
[BlackElo "2551"]
[Annotator "TA"]
[PlyCount "89"]
[EventDate "2022.06.09"]
[EventType "team-tourn"]
[EventCountry "FRA"]
[SourceTitle "playchess.com"]
[Source "ChessBase"]
[SourceQuality "1"]
[TimeControl "40/5400+30:1800+30"]

1. e4 c6 2. d4 d5 3. e5 Bf5 4. c4 e6 5. Nc3 Ne7 6. Nf3 {[%emt 0:00:30] B12: Caro-Kann: Advance Variation.} Bg4 7. Bg5 h6 {[%emt 0:03:18] [#]} 8. Be3 $146 {[%emt 0:00:22] The position is equal.} ({Predecessor:} 8. Bh4 Qc7 9. Be2 Nf5 10. Bg3 Nxg3 11. fxg3 c5 12. cxd5 cxd4 13. Qxd4 Bxf3 14. Bxf3 {1-0 (32) Meirelles,O-Ferreira,P Batatais 2015}) 8... Nf5 9. h3 Bxf3 10. Qxf3 dxc4 11. O-O-O Bb4 (11... Nxe3 $11 12. fxe3 Bb4) 12. d5 $1 $14 cxd5 {[%emt 0:03:55] [#]} (12... Bxc3 $2 13. dxe6 Qe7 14. Qxf5 (14. bxc3 Qxe6 15. Bf4 Nd7 $11) 14... Bxb2+ 15. Kxb2 $18) 13. Nxd5 {[%emt 0:00:27] And now Nf6+ would win.} Qa5 $1 {[%emt 0:01:44] [#]} 14. Bb6 $1 axb6 15. Nc7+ Kf8 $1 (15... Ke7 $2 16. Qxb7 Rd8 17. Rxd8 (17. Nxa8+ Rd7 $18) (17. Qxa8 $2 Rxd1+ 18. Kxd1 Qxe5 $19) 17... Kxd8 18. Nxa8 $18) 16. Qxb7 {[%emt 0:06:26] White threatens Rd8+ and mate.} ({Don't blunder} 16. Rd8+ $2 Ke7 17. Rxh8 Qxa2 18. Nd5+ (18. Nxa8 $2 {gets mated.} Qa1+ 19. Kc2 Nd4#) 18... exd5 $19) 16... Qa7 (16... Qxe5 $2 17. Nxa8 g6 18. Nxb6 $18) 17. Qxa7 Rxa7 (17... Bd2+ $2 18. Rxd2 Rxa7 19. Rd8+ Ke7 20. Rxh8 $18) 18. Rd8+ Ke7 19. Rxh8 Nc6 20. Nb5 Rxa2 {[%emt 0:00:00] ( -> ...Ra1+)} 21. Kb1 {[%emt 0:00:08] Prevents Ra1+.} Ra5 22. Bxc4 Nxe5 23. Be2 Bc5 24. g4 Nh4 25. Rb8 Ra4 $1 {[%emt 0:00:00] Active counter play!} 26. Nc3 Rb4 27. Rd1 Nhg6 28. Rb7+ Kf6 29. Bd3 Nxd3 30. Rxd3 Nf4 31. Rdd7 Kg5 $1 32. Rxf7 Kh4 33. Kc2 g5 34. f3 Kxh3 35. Rf6 Kg2 36. Rxh6 Kxf3 37. Ra7 (37. Rh8 $11 {remains equal.}) 37... Kxg4 $17 38. Ra4 $2 {[%emt 0:00:37][%mdl 8192] Loses the game.} ({White should play} 38. Rh8 $15) 38... Rxa4 $19 {[%emt 0:00:50] Black is clearly winning.} 39. Nxa4 {[%emt 0:00:00][%mdl 4096] Endgame KRN-KBN} Bf2 {[%emt 0:00:56] aiming for ...Kf3.} 40. Nc3 {[%emt 0:01:41] [#]} Kf3 {[%emt 0:00:19] Inhibits Ne4.} 41. Rf6 (41. Nb1 $142 Be3 42. Nd2+ Bxd2 43. Kxd2) 41... g4 {[%emt 0:01:51][%cal Bg5g4,Bg4g3,Bg3g2][%mdl 32] Hoping for ...g3.} 42. Kd2 g3 {[%emt 0:00:56] Threatens to win with ...g2.} 43. Ne2 Be3+ 44. Ke1 g2 45. Kd1 {[%emt 0:19:54] Weighted Error Value: White=0.62/Black=0.02 (flawless)} 0-1

[Event "FRA-ch Teams Top 16-B 2022"]
[Site "Chartres"]
[Date "2022.06.13"]
[Round "5.11"]
[White "Rakotomaharo, Fy Antenaina"]
[Black "Ternault, Mathieu"]
[Result "1/2-1/2"]
[ECO "C02"]
[WhiteElo "2467"]
[BlackElo "2367"]
[Annotator "TA"]
[PlyCount "81"]
[EventDate "2022.06.09"]
[EventType "team-tourn"]
[EventCountry "FRA"]
[SourceTitle "playchess.com"]
[Source "ChessBase"]
[SourceQuality "1"]
[TimeControl "40/5400+30:1800+30"]

1. e4 e6 2. d4 d5 3. e5 c5 4. c3 Nc6 5. Nf3 Bd7 6. Be2 Nge7 7. Na3 cxd4 8. cxd4 Ng6 {[%emt 0:00:27] C02: French: Advance Variation.} 9. h4 Be7 {[%emt 0:00:19] has lost popularity (9...Bxa3).} 10. g3 O-O 11. h5 Nh8 12. Bf4 {[%emt 0:00:06] [#]} Rc8 $146 ({Predecessor:} 12... f6 13. exf6 Bxf6 14. Nc2 Nf7 15. Qd2 Qe7 16. O-O Nd6 17. Ne5 Ne4 18. Qe3 Be8 {½-½ (38) Godbole,A (2178)-De Francesco,K (2314) Zadar 2017}) 13. Kf1 a6 14. Nc2 f6 15. Kg2 Nf7 16. Bd3 f5 17. Qd2 Na5 18. b3 Bb5 19. Bxb5 axb5 20. Nb4 Nc6 21. Nd3 Qa5 22. Qxa5 Nxa5 23. Bd2 Nc6 24. Nf4 Ng5 {[%emt 0:04:39] [#]} 25. Nxd5 $1 Nxf3 26. Nxe7+ Nxe7 27. Kxf3 Nc6 {[%emt 0:01:46] Against Bb4} 28. Be3 Rfd8 29. Rhc1 Rd5 30. a4 (30. Kg2 $16) 30... bxa4 $1 $11 {[%emt 0:03:53] The position is equal.} 31. bxa4 {[%emt 0:00:00][%cal Oa4a5] next a5! is good for White.} Nxd4+ 32. Kg2 Rxc1 33. Rxc1 {[%emt 0:00:00][%mdl 4096] Endgame And now Rc8+ would win. KRB-KRN} Nc6 34. Rb1 Ra5 35. h6 gxh6 36. Rxb7 Rxa4 37. Bxh6 {[%emt 0:00:09] Black must now prevent Rg7+.} Ra7 38. Rb6 Rc7 39. Rb5 Kf7 40. Rc5 Rc8 41. Bg5 {[%emt 0:03:41] Weighted Error Value: White=0.07 (flawless) /Black=0.06 (flawless)} 1/2-1/2

[Event "FRA-ch Teams Top 16-B 2022"]
[Site "Chartres"]
[Date "2022.06.13"]
[Round "5.12"]
[White "Boukhris-Ferre, Yacine"]
[Black "Burri, Quentin"]
[Result "0-1"]
[ECO "B51"]
[WhiteElo "2183"]
[BlackElo "2401"]
[Annotator "TA"]
[PlyCount "92"]
[EventDate "2022.06.09"]
[EventType "team-tourn"]
[EventCountry "FRA"]
[SourceTitle "playchess.com"]
[Source "ChessBase"]
[SourceQuality "1"]
[TimeControl "40/5400+30:1800+30"]

1. e4 c5 2. Nf3 d6 3. Bb5+ Nd7 4. d4 cxd4 5. Nxd4 Ngf6 6. O-O {[%emt 0:00:23] B51: Sicilian: Moscow Variation (3 Bb5+) without 3...Bd7.} a6 7. Bd3 g6 {[%emt 0:01:30] 7...Nc5 is the modern continuation.} 8. Nc3 ({White should play} 8. c4 $14) 8... Bg7 $11 9. h3 O-O 10. Be3 e6 {[%emt 0:02:48] [#]} 11. a4 $146 ({Predecessor:} 11. Rc1 Ne5 12. Be2 d5 13. f4 Nc4 14. Bxc4 dxc4 15. Qf3 b5 16. Nc6 Qc7 17. e5 {1-0 (52) Kazakov,N (1862)-Tanaev,V (2117) Tula 2005}) 11... Qc7 12. a5 Nc5 13. b4 Nxd3 14. Qxd3 Bd7 15. Nde2 d5 16. exd5 Nxd5 17. Nxd5 exd5 18. Nd4 {[%emt 0:08:15] Prevents Bb5.} Rac8 19. Rfd1 Qc4 20. Ra3 Qxb4 21. Rb3 Qxa5 {[%emt 0:00:08] aiming for ...Qc7.} 22. Rxb7 Qa4 23. Rb6 Rc4 24. Rd6 Bc6 (24... Bc8 {feels hotter.} 25. Rxd5 Bb7 26. Ra5 Qxa5 27. Qxc4 Rc8) 25. Nxc6 (25. Rxc6 {keeps more tension.} Rxd4 26. Bxd4 Qxc6 27. Bxg7 Kxg7 28. Ra1) 25... Rxc6 26. Qxd5 Rxd6 27. Qxd6 Qxc2 28. Rc1 Qa4 29. g3 Qb5 30. Rc5 Qb1+ 31. Rc1 Qa2 32. h4 h5 33. Rc6 a5 34. Ra6 Rc8 35. Qb6 {[%emt 0:03:48] Prevents Qb1+.} (35. Qd7 $11 Rb8 36. Kh2) 35... Bc3 $1 $15 36. Ra7 (36. Qb5 $15) 36... Qd5 $19 37. Kh2 Kg7 38. Kg1 Rc6 $2 (38... a4 $17 {Strongly threatening ...Kg8.} 39. Kh2 Rc4) 39. Qb7 (39. Qb8 $1 $11 {keeps the balance.} Bd2 40. Bxd2 Qxd2 41. Rxf7+ (41. Qe5+ Rf6 $11) 41... Kxf7 42. Qb7+ Rc7 43. Qxc7+ Ke6 44. Qc6+ Kf5 45. Kg2) 39... Be5 (39... Qe6 $1 $17) 40. Kh2 (40. Qe7 $1 $11 {was the only way to keep the balance.}) 40... Qf3 $1 $17 {[%emt 0:01:28][%cal Oe5g3] Really sharp! Black is more active.} 41. Bc5 $2 (41. Kg1 $17 {nothing else works.} Bxg3 42. Bd4+ Kh6 43. Be3+ Kg7 44. Bd4+ Kh6 45. Be3+ Kh7 46. Qxf7+ Qxf7 47. Rxf7+ Kg8 48. Ra7 Bxh4 49. Kg2) 41... Bc7 $4 (41... Qf6 $19 {and all is fine.} 42. Be3 Rc7) 42. Qb2+ $1 $18 {[%emt 0:15:27][%mdl 1024] White has strong compensation.} Kh7 {[%emt 0:00:17] [#]} (42... Qf6 $2 43. Bd4 Bb6 44. Bxf6+ $18) 43. Bf8 {[%emt 0:02:09][%mdl 8192] [#]} (43. Ra8 $1 $18 Rf6 44. Rf8) 43... Be5 $1 $19 44. Qd2 (44. Qa2 Rc4) 44... Rc4 {[%emt 0:01:37] ( -> ...Rxh4+)} 45. Be7 Rd4 46. Qe3 {[%emt 0:02:05] [#]} Bxg3+ $1 {[%emt 0:00:05][%mdl 512] Weighted Error Value: White=0.60/Black=0.45} 0-1

[Event "FRA-ch Teams Top 16-B 2022"]
[Site "Chartres"]
[Date "2022.06.13"]
[Round "5.13"]
[White "Terrieux, Kevin"]
[Black "Domenech, Vianney"]
[Result "1-0"]
[ECO "E60"]
[WhiteElo "2448"]
[BlackElo "2266"]
[Annotator "TA"]
[PlyCount "61"]
[EventDate "2022.06.09"]
[EventType "team-tourn"]
[EventCountry "FRA"]
[SourceTitle "playchess.com"]
[Source "ChessBase"]
[SourceQuality "1"]
[TimeControl "40/5400+30:1800+30"]

1. d4 Nf6 2. c4 g6 3. h4 Bg7 4. Nc3 d6 5. e4 a6 6. Be2 {[%emt 0:09:36] E60: King's Indian: Unusual lines and Fianchetto Variation without Nc3.} O-O 7. h5 c5 {[%emt 0:01:01] [#]} 8. hxg6 $146 {[%emt 0:04:06] White is slightly better.} ({Predecessor:} 8. dxc5 dxc5 9. Qxd8 Rxd8 10. h6 Bh8 11. e5 Nfd7 12. f4 Nc6 13. Nf3 Nf8 14. Be3 {1-0 (30) Matlakov,M (2685)-Silich,Y (2330) Chess.com INT 2020}) 8... fxg6 9. d5 b5 10. e5 dxe5 11. cxb5 axb5 12. Bxb5 e4 {[%emt 0:15:57] Against Nf3} (12... Ba6 $15) 13. Nh3 ({Better is} 13. Nge2 $11) 13... Nbd7 $15 14. Ng5 {[%emt 0:31:14] Strongly threatening Ne6.} Ne5 {[%emt 0:02:19] White must now prevent ...Bg4.} 15. Be2 (15. Ngxe4 $2 Nxe4 16. Nxe4 Qa5+ 17. Nc3 Ng4 $19) ({White should play} 15. Bf4 $15 Qd6 16. Bg3 (16. Ngxe4 Nxe4 17. Nxe4 Qb8 $17)) 15... Bf5 $17 16. Ne6 $2 (16. O-O $17) 16... Bxe6 $19 17. dxe6 Qb6 (17... Nd3+ $19 18. Bxd3 exd3) 18. Qc2 Nc6 (18... Qxe6 19. Nxe4 Nxe4 20. Qxe4 $11) 19. Nxe4 (19. Qb1 $17) 19... Qb4+ (19... Nxe4 20. Qxe4 Bxb2 21. Qh4 $17) 20. Nc3 {[%emt 0:00:08] [#]} Ne4 $1 21. Rh4 $2 (21. a3 {was worth a try.} Bxc3+ 22. bxc3) (21. O-O Nxf2) 21... Nxc3 $2 22. Rxb4 $11 Nxb4 {[%emt 0:00:02] Pair of Knights!} 23. Qb3 Rfb8 24. Kf1 $1 $16 (24. bxc3 $2 Nd3+ $1 25. Bxd3 Rxb3 $19) 24... Nd3 {[%emt 0:03:34] [#]} 25. Qc4 (25. Qxb8+ $1 $16 Rxb8 26. Bxd3) 25... Nxb2 $11 26. Bxb2 (26. Qxc5 $11 {and White has nothing to worry.} Nxe2 27. Qxe7 (27. Kxe2 Na4 $17)) 26... Rxb2 $19 27. Bf3 (27. Qxc5 {might work better.} Nxe2 28. Qxe7) 27... Ra5 $2 (27... Raxa2 $19 28. Rc1 Rc2) 28. Rc1 $36 {[%mdl 2048] White fights for an advantage.} Raxa2 {[%emt 0:00:00] aiming for ...Rc2.} 29. Ke1 {[#]} (29. Qxc5 $11 Rc2 30. Qc8+ Bf8 31. Rd1 $1) 29... Rxf2 $2 (29... Bd4 $1 $17 30. Rxc3 Bxc3+ 31. Qxc3 Rb1+ 32. Bd1 Raa1) 30. Qxc5 $14 {[%emt 0:02:27] Hoping for Qc8+. Dancing on a razor blade.} ({Reject} 30. Rxc3 Bxc3+ 31. Qxc3 Rfc2 $11) 30... Rfb2 $2 (30... Bf6 $14) 31. Qc8+ $2 {[%emt 0:00:00] Weighted Error Value: White=0.87/Black=0.74} (31. Qxe7 h5 32. Qf7+ Kh7 33. e7) 1-0

[Event "FRA-ch Teams Top 16-B 2022"]
[Site "Chartres"]
[Date "2022.06.13"]
[Round "5.14"]
[White "Louis, Thibault"]
[Black "Papadiamandis, Elliot"]
[Result "0-1"]
[ECO "B70"]
[WhiteElo "2154"]
[BlackElo "2373"]
[Annotator "TA"]
[PlyCount "92"]
[EventDate "2022.06.09"]
[EventType "team-tourn"]
[EventCountry "FRA"]
[SourceTitle "playchess.com"]
[Source "ChessBase"]
[SourceQuality "1"]
[TimeControl "40/5400+30:1800+30"]

1. e4 c5 2. Nf3 d6 3. d4 cxd4 4. Nxd4 Nf6 5. Bb5+ Nbd7 6. O-O g6 7. Nc3 Bg7 {[%emt 0:00:37] B70: Sicilian Dragon: 6 g3 and 6 Be2 (without a later Be3).} 8. h3 O-O 9. Re1 a6 {[%emt 0:03:17] The position is equal.} 10. Bf1 Re8 11. a4 b6 {[%emt 0:05:44] [#]} 12. g4 $146 ({Predecessor:} 12. f4 Bb7 13. Nf3 Qc7 14. Kh1 e6 15. Bd3 Rad8 16. Qe2 Nh5 17. Qf2 Bxc3 18. bxc3 Qxc3 {0-1 (63) Racz,Z (2252)-Kahn,E (2321) Hungary 2005}) 12... h6 (12... Bb7 $15) 13. Bg2 $11 e5 14. Nb3 Qc7 15. Nd2 ({White should play} 15. Be3 $14) 15... Bb7 16. Nf1 Nc5 17. Ne3 Ne6 ({Don't play} 17... Bxe4 18. Nxe4 Ncxe4 19. Bxe4 Nxe4 20. Nd5 $16) ({But not} 17... Nfxe4 18. Ned5 Nxc3 19. Nxc7 $16) 18. Ned5 Nxd5 19. Nxd5 Bxd5 20. exd5 Nc5 21. Ra3 b5 22. axb5 axb5 23. Rxa8 Rxa8 24. Qe2 Rb8 25. Be3 Na4 26. b3 Nc5 (26... Nc3 $11 27. Qd3 Rc8) 27. Bxc5 (27. Ra1 $14) 27... Qxc5 28. Qd3 Ra8 29. Bf1 Ra5 30. Rd1 Bf6 31. Rd2 ({Better is} 31. Bg2 $15) 31... Bg5 $17 32. Re2 Kg7 (32... Ra1 {is more complex.} 33. Kg2 Kg7 34. c3 Qa3) 33. Re1 {[%emt 0:00:38] Prevents Ra1.} b4 34. Bg2 $1 Bh4 35. Re2 (35. Rf1 $1 $15) 35... Ra1+ $19 36. Bf1 Ra5 37. Bg2 $1 Ra2 38. Be4 (38. Bf3 {keeps fighting.}) 38... Ra1+ 39. Kg2 Qa7 (39... Bg5 $19 {And now ...Qa5 would win.} 40. Qc4 Qa5) 40. Qe3 $15 Qc7 {[%emt 0:01:08] [#] Threatens to win with ...Bg5.} 41. Re1 Ra2 $36 {[%emt 0:01:21][%mdl 2048] Black has good play.} 42. Re2 $2 (42. Rh1 $15) 42... Bg5 $19 43. Qd3 Ra1 {[%emt 0:02:51] Against Re1} 44. Qc4 $2 {[%emt 0:00:21] [#]} (44. h4 {was called for.} Bxh4 45. Qd2) 44... Qa5 $1 {[%emt 0:02:19] aiming for ...Qa3.} 45. f3 (45. Bd3 $142 Rd1 46. Re4) 45... Bh4 {[%emt 0:08:11] ( -> ...Qb6)} 46. Bd3 Qa7 {[%emt 0:00:20] Weighted Error Value: White=0.57/Black=0.22 (precise)} 0-1

[Event "FRA-ch Teams Top 16-B 2022"]
[Site "Chartres"]
[Date "2022.06.13"]
[Round "5.15"]
[White "Riff, Jean-Noel"]
[Black "Roubert, Emile"]
[Result "1-0"]
[ECO "C78"]
[WhiteElo "2444"]
[BlackElo "2027"]
[Annotator "TA"]
[PlyCount "59"]
[EventDate "2022.06.09"]
[EventType "team-tourn"]
[EventCountry "FRA"]
[SourceTitle "playchess.com"]
[Source "ChessBase"]
[SourceQuality "1"]
[TimeControl "40/5400+30:1800+30"]

1. e4 e5 2. Nf3 Nc6 3. Bb5 a6 4. Ba4 Nf6 5. O-O b5 6. Bb3 Bb7 7. d3 Bd6 8. a4 O-O 9. c3 h6 10. Nh4 {[%emt 0:00:25] C78: Ruy Lopez: Archangelsk and Möller Defences.} Na5 {[%emt 0:18:08][%cal Of6e4] Threatens to win with ...Nxe4!} 11. Ba2 $1 {[%emt 0:01:17] [#]} c5 $146 {[%emt 0:02:50] Inhibits b4.} (11... Nxe4 $1 $14 12. Ng6 Nf6) ({Predecessor:} 11... Re8 12. Nf5 Bf8 13. f4 d6 14. fxe5 dxe5 15. b4 Nc6 16. Qf3 {1-0 (16) Sokolov,A (2555)-Forster,R (2270) Bern 1993}) 12. Qf3 $16 {[%emt 0:04:56] aiming for Nf5. White is clearly better.} Nxe4 $2 {[%emt 0:13:15] [#]} 13. Nf5 $1 $18 Ng5 {[%emt 0:16:18] [#]} 14. Qg4 Qf6 15. h4 Nh7 16. Bxh6 $1 g6 17. Nxd6 {[%emt 0:00:40] Really sharp!} Qxd6 18. Bxf8 Nxf8 19. axb5 axb5 20. Na3 Qb6 21. Rfe1 Re8 $2 (21... b4 {is a better defense.}) 22. d4 cxd4 23. cxd4 $40 {[%emt 0:00:01][%mdl 128] White wants a kill.} e4 24. d5 b4 25. Nc4 Nxc4 26. Bxc4 Qd4 27. b3 d6 28. Rad1 Qe5 29. f3 Bc8 (29... f5 $142) 30. Qxe4 {[%emt 1:05:07] Black did not feel at home in the position after the opening.  Weighted Error Value: White=0.14 (very precise) /Black=0.52} 1-0

[Event "FRA-ch Teams Top 16-B 2022"]
[Site "Chartres"]
[Date "2022.06.13"]
[Round "5.16"]
[White "Bourgoin, Cecile"]
[Black "Navrotescu, Andreea"]
[Result "0-1"]
[ECO "A80"]
[WhiteElo "1682"]
[BlackElo "2318"]
[Annotator "TA"]
[PlyCount "48"]
[EventDate "2022.06.09"]
[EventType "team-tourn"]
[EventCountry "FRA"]
[SourceTitle "playchess.com"]
[Source "ChessBase"]
[SourceQuality "1"]
[TimeControl "40/5400+30:1800+30"]

1. d4 f5 2. Bf4 Nf6 3. e3 d6 4. Nc3 g6 5. h4 h6 6. Qf3 {[%emt 0:02:48] A80: Dutch Defence: Unusual White second moves.} Nc6 7. O-O-O e6 8. e4 {[%emt 0:12:26] White is slightly better.} Bg7 {[%emt 0:15:34] [#]} (8... Qe7 $14) 9. e5 $146 ({Predecessor:} 9. exf5 gxf5 10. Bc4 O-O 11. Nge2 Ne7 12. Bh2 d5 13. Bb3 a5 14. Qf4 b5 15. a4 {0-1 (37) Lenaerts,L (2268)-Bomans,A (2249) Ghent 2016}) 9... Nh5 10. Be3 (10. Nh3 $16) 10... dxe5 $11 11. dxe5 Qe7 12. Bb5 Bd7 13. g4 (13. Rxd7 {with more complications.} Qxd7 14. g4 fxg4 15. Qxg4 Qf7 16. Bxc6+ bxc6 17. Qc4) 13... fxg4 14. Qxg4 Nxe5 15. Bxd7+ Qxd7 16. Rxd7 (16. Qb4 $11 Qc6 17. Nge2) 16... Nxg4 $17 17. Rxc7 O-O (17... Nxe3 $17 18. fxe3 Ng3 19. Rxg7 Nxh1) 18. Bc5 (18. Nge2 $11 {keeps the balance.}) 18... Rf5 (18... Nxf2 $17 19. Bxf2 (19. Bxf8 $2 Rxf8 20. Rxg7+ Nxg7 $19) 19... Rxf2) 19. Ne4 {[%emt 0:01:27] [#]} (19. Nge2 $15) 19... b6 $1 20. f3 (20. Bb4 $17) 20... bxc5 $19 21. fxg4 Rf1+ 22. Kd2 Nf4 {[%emt 0:00:08] White must now prevent ...Rd8+.} 23. Rxc5 $2 {[%emt 0:08:04] [#]} (23. Rd7) 23... Rd8+ 24. Ke3 Bd4+ {[%emt 0:00:12][%mdl 64] Skewer, Double Attack.  Weighted Error Value: White=0.90/Black=0.17 (very precise)} 0-1